 Dungeon Crawl Stone Soup version 0.28.0-56-g4927b6849a (webtiles) character file.

Game seed: 8334022013561843407

33624 tkbsonic5 the Fighter (level 14, 0/135 HPs)
             Began as a Kobold Transmuter on Jan 20, 2023.
             Was an Elder of Ashenzari.
             Slain by a death yak (17 damage)
             ... on level 4 of the Lair of Beasts on Jan 24, 2023.
             The game lasted 01:58:07 (22777 turns).

tkbsonic5 the Fighter (Kobold Transmuter)          Turns: 22777, Time: 01:58:08

Health: 0/135      AC: 27    Str:  7    XL:     14   Next: 9%
Magic:  18/29      EV:  3    Int: 26    God:    Ashenzari [****..]
Gold:   794        SH:  0    Dex: 15    Spells: 1/35 levels left

rFire   . . .      SeeInvis +   N - +2 mace of the Wild Blue Yonder {flame, Contam rCorr Str-2 Int+8, Comp, Self} (curse)
rCold   . . .      Faith    .   (no shield)
rNeg    . . .      Spirit   .   (armour currently unavailable)
rPois   +          Reflect  .   (helmet currently unavailable)
rElec   .          Harm     .   (cloak currently unavailable)
rCorr   +          Rampage  .   (gloves currently unavailable)
Will    +....      Clarity  +   (boots currently unavailable)
Stlth   ++++...... NoTele   +   (no amulet)
HPRegen 0.32/turn               n - ring of the Revealing Oracle {Fire, Fort, Bglg} (curse)
MPRegen 0.21/turn               w - ring of the Sky {Ice, Comp, Self} (curse)

@: tree-form, wereblooded
A: stationary, stasis, torment immunity, boosted hp, small, no large weapons,
nightstalker 3, (antennae 1), (claws 1), passive freeze
a: Renounce Religion, Curse Item, Shatter the Chains


You were on level 4 of the Lair of Beasts.
You worshipped Ashenzari.
Ashenzari was greatly pleased with you.
You were a tree.
You visited 3 branches of the dungeon, and saw 16 of its levels.

You collected 819 gold pieces.
You spent 25 gold pieces at shops.

Inventory:

Hand Weapons
 d - a +2 falchion of protection
 g - a +1 dagger of electrocution
 m - a +0 hunting sling
 s - a +0 dagger of distortion
 t - a +4 shortbow of venom
 C - a +2 long sword of electrocution
 L - a +2 short sword of holy wrath
 N - the cursed +2 mace of the Wild Blue Yonder (weapon) {flame, Contam rCorr Str-2 Int+8, Comp, Self}
   (You found it on level 9 of the Dungeon)

   It burns those it strikes, dealing additional fire damage.
   Str:       It affects your strength (-2).
   Int:       It affects your intelligence (+8).
   Contam:    It causes magical contamination when unequipped.
   rCorr:     It protects you from acid and corrosion.
   It has a curse which improves the following skills: Companions: Summonings
   and Necromancy.
   Introspection: Fighting and Spellcasting.
 O - a +0 hand crossbow
 T - a +0 quarterstaff of freezing
Missiles
 e - 13 boomerangs
 k - 3 throwing nets
 l - 97 sling bullets
 u - 297 arrows
 I - 22 poisoned darts
 J - 3 atropa-tipped darts
Armour
 a - a +2 robe
 f - the cursed +0 pair of boots of Ashenzari's Prison (melded) {Fort, Elem}
   (You found it on level 1 of the Dungeon)

   It has a curse which improves the following skills: Fortitude: Armour and
   Shields.
   Elements:  Fire Magic, Ice Magic, Air Magic and Earth Magic.
 D - the cursed +0 pair of gloves of Supernal Gnosis (melded) {Comp, Alch}
   (You found it on level 8 of the Dungeon)

   It has a curse which improves the following skills: Companions: Summonings
   and Necromancy.
   Alchemy:   Poison Magic and Transmutations.
 Q - the cursed +0 acid dragon scales "Manifest Sorrow" (melded) {rCorr, Alch, Melee}
   (You found it on level 10 of the Dungeon)

   rCorr:     It protects you from acid and corrosion.
   It has a curse which improves the following skills: Alchemy: Poison Magic and
   Transmutations.
   Melee Combat: Short Blades, Long Blades, Axes, Maces & Flails, Polearms,
   Staves and Unarmed Combat.
Magical Staves
 h - a staff of cold
 r - a staff of air
Jewellery
 n - the cursed ring of the Revealing Oracle (left branch) {Fire, Fort, Bglg}
   (You took it off an orc on level 4 of the Dungeon)

   [ring of fire]

   It enhances your fire magic.
   rF:        It protects you from fire.
   rC:        It makes you vulnerable to cold.
   It has a curse which improves the following skills: Fortitude: Armour and
   Shields.
   Beguiling: Conjurations, Hexes and Translocations.
 w - the cursed ring of the Sky (right branch) {Ice, Comp, Self}
   (You found it on level 5 of the Dungeon)

   [ring of ice]

   It enhances your ice magic.
   rF:        It makes you vulnerable to fire.
   rC:        It protects you from cold.
   It has a curse which improves the following skills: Companions: Summonings
   and Necromancy.
   Introspection: Fighting and Spellcasting.
 G - a ring of fire
 H - a ring of resist corrosion
 R - a ring of ice
 W - a ring of poison resistance
Wands
 b - a wand of paralysis (7)
 c - a wand of iceblast (18)
 y - a wand of mindburst (5)
 E - a wand of flame (41)
 P - a wand of polymorph (8)
Scrolls
 o - 5 scrolls of identify
 U - a scroll of fog
Potions
 i - 3 potions of attraction
 q - 4 potions of brilliance
 v - 6 potions of flight
 x - 4 potions of degeneration
 A - 3 potions of curing
 M - 2 potions of resistance
Miscellaneous
 B - a tin of tremorstones (inert)
 F - a tin of tremorstones (inert)
 V - a phantom mirror (inert)


   Skills:
 * Level 8.2(11.2) Fighting
 - Level 0.6 Short Blades
 - Level 2.5 Staves
 - Level 3.2 Bows
 - Level 0.3 Throwing
 * Level 7.0 Dodging
 + Level 7.0 Stealth
 * Level 8.2 Unarmed Combat
 * Level 8.2(11.2) Spellcasting
 * Level 5.7(7.7) Conjurations
 + Level 0.9(2.0) Hexes
 + Level 3.6(6.2) Summonings
 + Level 0.4(1.5) Necromancy
 + Level 2.7(4.3) Translocations
 * Level 7.9 Transmutations
 + Level 7.1 Fire Magic
 + Level 7.2 Ice Magic
 * Level 3.6 Air Magic
 + Level 0.2 Earth Magic
 + Level 5.5 Poison Magic
 + Level 5.7 Evocations


You had one spell level left.
You knew the following spells:

 Your Spells              Type           Power      Damage    Failure   Level
a - Beastly Appendage     Tmut           100%       N/A       1%          1
b - Spider Form           Tmut/Pois      49%        N/A       1%          3
c - Wereblood             Tmut           54%        N/A       1%          2
d - Ignite Poison         Fire/Tmut/Pois 66%        N/A       1%          3
e - Ice Form              Ice/Tmut       69%        N/A       1%          4
f - Sticky Flame          Conj/Fire      68%        2d8       1%          4
g - Conjure Flame         Conj/Fire      68%        6-21      1%          3
h - Summon Lightning Spi  Summ/Air       40%        N/A       5%          4
i - Teleport Other        Tloc           37%        N/A       1%          3
j - Airstrike             Air            16%        N/A       9%          4
k - Summon Guardian Gole  Hex/Summ       36%        N/A       2%          3

Your spell library contained the following spells:

 Spells                   Type           Power      Damage    Failure   Level
 Summon Small Mammal      Summ           100%       N/A       1%          1
 Ensorcelled Hibernation  Hex/Ice        100%       N/A       1%          2
 Call Canine Familiar     Summ           47%        N/A       1%          3
 Gell's Gravitas          Tloc           37%        N/A       1%          3
 Lesser Beckoning         Tloc           37%        N/A       1%          3
 Lightning Bolt           Conj/Air       22%        1d37      11%         5
 Anguish                  Hex/Necr       11%        N/A       19%         4
 Conjure Ball Lightning   Conj/Air       22%        3x3d6     52%         6
 Dispersal                Tloc           18%        N/A       71%         6
 Discord                  Hex            12%        N/A       100%        8
 Disjunction              Tloc           18%        N/A       100%        8


Dungeon Overview and Level Annotations

Branches:
Dungeon (11/15)            Temple (1/1) D:5            Lair (4/6) D:9
  Swamp (0/4) Lair:2          Orc (0/2) D:11
  Snake: Lair:2-4    Spider: Lair:2-4

Altars:
Ashenzari
Cheibriados
Dithmenos
Elyvilon
Fedhas
Gozag
Hepliaklqana
Kikubaaqudgha
Makhleb
Nemelex Xobeh
Okawaru
Qazlal
Ru
Sif Muna
Uskayaw
Vehumet
Wu Jian
Xom
Yredelemnul
Zin
The Shining One

Shops:
D:3 *:[   D:4 *[

Annotations:
D:3 1 runed translucent door, THTSBRD's ghost, amateur DrTm
D:8 2 transporters, Jingleheimer's ghost, novice DsGl


Innate Abilities, Weirdness & Mutations

You are a tree.
Your roots penetrate the ground, keeping you stationary.
You cannot be teleported.
You are immune to unholy pain and torment.
Your maximum health is greatly increased.
Your equipment is partially melded.
You are small and have problems with some larger weapons.
You are completely attuned to the shadows.
((You have a pair of small antennae on your head.))
((You have sharp fingernails.))
A frigid envelope surrounds you and freezes all who hurt you.


Message History

Okay, then.
Really quaff the potion of lignification?
Okay, then.
You feel much better.
The death yak gores you! x2; The death yak is very cold.
The death yak is heavily wounded.
The death yak gores you!!
* * * LOW HITPOINT WARNING * * *
The death yak is very cold.
The death yak is lightly wounded.
Okay, then.
Okay, then.
Casting: Wereblood (safe; 1% risk of failure)
Confirm with . or Enter, or press ? or * to list all spells.
Okay, then.
Attack: -) Ice paws
Press: ? - help, Dir - move target, f - death yak
Aim: a death yak (heavily wounded, ally target, about 3% to evade your front paws)
Okay, then.
Your lightning spire shoots out a bolt of lightning at the death yak!
The bolt of electricity hits the death yak! x2
The death yak gores your lightning spire!!
Your lightning spire is destroyed!
Your lightning spire disappears in a puff of smoke!
You pummel the death yak!! You freeze the death yak.
The death yak is severely wounded.
The death yak barely misses you. The death yak gores you!
* * * LOW HITPOINT WARNING * * *
Really quaff the potion of lignification?
You warm up again.
The cursed +2 mace of the Wild Blue Yonder {flame, Contam rCorr Str-2 Int+8, Comp, Self} unmelds from your body.
The cursed +0 pair of gloves of Supernal Gnosis {Comp, Alch} unmelds from your body.
The cursed +0 pair of boots of Ashenzari's Prison {Fort, Elem} unmelds from your body.
The cursed +0 acid dragon scales "Manifest Sorrow" {rCorr, Alch, Melee} unmelds from your body.
The cursed +2 mace of the Wild Blue Yonder {flame, Contam rCorr Str-2 Int+8, Comp, Self} bursts into flame!
You turn into a tree.
The cursed +0 pair of gloves of Supernal Gnosis {Comp, Alch} melds into your body.
The cursed +0 pair of boots of Ashenzari's Prison {Fort, Elem} melds into your body.
The cursed +0 acid dragon scales "Manifest Sorrow" {rCorr, Alch, Melee} melds into your body.
Your roots penetrate the ground.
The death yak gores you!
You die...

#......# , ** , * , ....##.##,,
** * ,,* * , ..#....##.,
.##.#...,* *, ##.#...### ,
..8.... * ** *#......##
.......## ** ,
*......######..>..####
....(..###.....#†.####
.......#.#....YY...P## ,
..............♣Y...####
,.....................##########
, .......#............P..##.P###
.....#....................... ,
.....#...................### ,
....#................###### ,
....†..............##### ,
.....#...........##### *, ,
...##...........###


You could see 3 death yaks.

Vanquished Creatures
  Fannar (D:11)
  4 hydras
  Harold (D:11)
  3 two-headed ogres
  3 death yaks
  A skeletal warrior (D:8)
  Joseph (D:7)
  Maurice (D:11)
  9 elephants (Lair:3)
  3 black mambas
  4 cane toads
  A torpor snail (Lair:3)
  Psyche (D:8)
  A rime drake (Lair:2)
  4 komodo dragons
  A troll (D:11)
  A polar bear (Lair:3)
  Prince Ribbit (D:8)
  5 blink frogs (Lair:3)
  3 hornets (D:9)
  2 shadows (D:10)
  37 yaks
  2 wraiths
  3 wyverns
  A nameless horror (Lair:1)
  3 basilisks
  Grum (D:11)
  8 vampire mosquitoes
  An acid dragon (D:10)
  8 water moccasins
  4 necrophages (D:7)
  An orc warrior (D:8)
  An ice beast (D:5)
  9 black bears
  A hornet zombie (D:9)
  4 wolves (D:11)
  11 centaurs
  3 phantoms
  2 kobold brigands
  6 bullfrogs
  A scorpion (D:5)
  7 killer bees
  6 wights
  An electric eel (D:9)
  5 howler monkeys
  3 centaur zombies
  A bullfrog zombie (D:7)
  2 bullfrog skeletons
  5 hounds
  2 jellies
  A gnoll shaman (D:6)
  Terence (D:3)
  3 iguanas
  7 orc wizards
  2 scorpion zombies (D:5)
  Robin (D:3)
  A howler monkey zombie (D:10)
  8 gnolls
  5 adders
  6 river rats (D:6)
  A shadow imp (D:8)
  2 white imps
  3 ufetubi
  An adder skeleton (D:4)
  4 worms
  3 dart slugs
  20 orcs
  9 endoplasms
  5 giant cockroaches
  21 goblins
  11 hobgoblins
  3 jackals (D:1)
  18 kobolds
  7 quokkas
  6 ball pythons
  5 bats (D:1)
  A frilled lizard (D:1)
  A quokka skeleton (D:4)
  12 rats
358 creatures vanquished.

Vanquished Creatures (collateral kills)
  A death yak (Lair:4)
  A cyclops (D:11)
  An elephant (Lair:3)
  A komodo dragon (Lair:1)
  A rime drake (Lair:3)
  A yak (Lair:1)
6 creatures vanquished.

Vanquished Creatures (others)
  A yak (D:11)
  7 fungi
  10 plants
18 creatures vanquished.

Grand Total: 382 creatures vanquished

Notes
Turn   | Place    | Note
-------+----------+-------------------------------------------
     0 | D:1      | tkbsonic5 the Kobold Transmuter began the quest for the
                  | Orb.
     0 | D:1      | Reached XP level 1. HP: 12/12 MP: 3/3
   199 | D:1      | Reached XP level 2. HP: 16/16 MP: 3/5
   673 | D:1      | Reached XP level 3. HP: 20/20 MP: 4/6
   677 | D:1      | Learned a level 3 spell: Spider Form
  1504 | D:2      | Reached XP level 4. HP: 11/26 MP: 6/8
  1820 | D:2      | Reached skill level 1 in Stealth
  2231 | D:2      | Found an opulent altar of Gozag.
  2494 | D:2      | Reached XP level 5. HP: 19/30 MP: 6/9
  2502 | D:2      | Reached skill level 1 in Poison Magic
  2551 | D:2      | Learned a level 2 spell: Wereblood
  2555 | D:2      | Learned a level 3 spell: Ignite Poison
  2723 | D:2      | Found a faded altar of an unknown god.
  3174 | D:3      | Noticed Terence
  3189 | D:3      | Killed Terence
  3291 | D:3      | Gained mutation: You have a pair of small antennae on your
                  | head. [potion of mutation]
  3291 | D:3      | Gained mutation: You have hidden genetic potential. [potion
                  | of mutation]
  3575 | D:3      | Found Nuenoext's Assorted Antiques.
  3580 | D:3      | Bought a scroll labelled XAFOTI MITRI for 25 gold pieces
  3583 | D:3      | Noticed Robin
  3620 | D:3      | Killed Robin
  3828 | D:3      | Reached XP level 6. HP: 35/35 MP: 5/10
  3838 | D:3      | Reached skill level 1 in Ice Magic
  3846 | D:3      | Reached skill level 1 in Fire Magic
  4127 | D:3      | Found Ipleucuh's Book Emporium.
  4280 | D:3      | Found a runed translucent door.
  4429 | D:3      | Found Loqami's Antique Armour Shoppe.
  4507 | D:3      | Found a glowing golden altar of the Shining One.
  4518 | D:3      | Found a shimmering blue altar of Sif Muna.
  4649 | D:3      | Found a runed translucent door.
  4813 | D:3      | Noticed THTSBRD's ghost (amateur DrTm)
  5261 | D:4      | Reached XP level 7. HP: 32/40 MP: 8/12
  5481 | D:4      | Found Vimeful's General Store.
  5524 | D:4      | Found Cut Jun's Antique Armour Emporium.
  5659 | D:4      | Gained mutation: A frigid envelope surrounds you and
                  | freezes all who hurt you. [hidden potential]
  5982 | D:5      | Entered Level 5 of the Dungeon
  6521 | D:5      | Reached XP level 8. HP: 40/46 MP: 8/14
  6762 | D:5      | Gained mutation: You have sharp fingernails. [hidden
                  | potential]
  6762 | D:5      | Lost mutation: You have hidden genetic potential. [hidden
                  | potential expressed]
  6970 | D:5      | Learned a level 4 spell: Ice Form
  7463 | D:5      | Found a staircase to the Ecumenical Temple.
  7469 | Temple   | Entered the Ecumenical Temple
  7555 | Temple   | Became a worshipper of Ashenzari the Shackled
  8631 | D:6      | Noticed a wraith
  8648 | D:6      | Killed a wraith
  8649 | D:6      | Reached skill level 1 in Evocations
  9195 | D:6      | Reached XP level 9. HP: 50/52 MP: 12/16
  9799 | D:7      | Reached skill level 5 in Unarmed Combat
  9799 | D:7      | Reached skill level 5 in Spellcasting
 10042 | D:7      | Reached skill level 5 in Fighting
 10046 | D:7      | Reached skill level 5 in Transmutations
 10173 | D:7      | Learned a level 4 spell: Sticky Flame
 10184 | D:7      | Reached skill level 5 in Dodging
 10184 | D:7      | Reached XP level 10. HP: 59/59 MP: 13/18
 10277 | D:7      | Reached * piety under Ashenzari
 10334 | D:7      | Noticed Joseph
 10340 | D:7      | Reached skill level 1 in Conjurations
 10393 | D:7      | Identified the cursed +0 pair of boots of Ashenzari's
                  | Prison {Fort, Elem} (You found it on level 1 of the
                  | Dungeon)
 10743 | D:7      | Killed Joseph
 11144 | D:8      | Learned a level 3 spell: Conjure Flame
 11181 | D:8      | Noticed Psyche
 11188 | D:8      | Killed Psyche
 11253 | D:8      | Identified the cursed ring of the Revealing Oracle {Fire,
                  | Fort, Bglg} (You took it off an orc on level 4 of the
                  | Dungeon)
 11288 | D:8      | Noticed Prince Ribbit
 11295 | D:8      | Killed Prince Ribbit
 11335 | D:8      | Noticed a skeletal warrior
 11345 | D:8      | Killed a skeletal warrior
 11346 | D:8      | Reached skill level 5 in Ice Magic
 11502 | D:8      | Reached ** piety under Ashenzari
 11514 | D:8      | Learned a level 1 spell: Summon Small Mammal
 11588 | D:8      | Identified the cursed +4 quarterstaff of Ashenzari's Gnosis
                  | {Alch, Melee} (You took it off Joseph on level 7 of the
                  | Dungeon)
 11667 | D:8      | Found a transporter.
 11669 | D:8      | Noticed Jingleheimer's ghost (novice DsGl)
 11787 | D:8      | Found a transporter.
 12477 | D:9      | Reached skill level 1 in Staves
 12477 | D:9      | Reached XP level 11. HP: 51/64 MP: 16/20
 12675 | D:9      | Noticed a two-headed ogre
 12705 | D:9      | Killed a two-headed ogre
 12731 | D:9      | Found an ornate altar of the Wu Jian Council.
 12731 | D:9      | Found a blossoming altar of Fedhas.
 12804 | D:9      | Reached *** piety under Ashenzari
 12849 | D:9      | Reached skill level 5 in Fire Magic
 12922 | D:9      | Learned a level 3 spell: Teleport Other
 13029 | D:9      | Found a staircase to the Lair.
 13042 | D:9      | Found a stormy altar of Qazlal.
 13042 | D:9      | Found a hazy altar of Hepliaklqana.
 13179 | D:9      | Reached skill level 1 in Summonings
 13321 | D:9      | Identified the +2 mace "Dragon's Tongue" {flame, Contam
                  | rCorr Str-2 Int+8}
 13383 | D:10     | Entered Level 10 of the Dungeon
 13668 | D:10     | Noticed a two-headed ogre
 13680 | D:10     | Killed a two-headed ogre
 14820 | D:11     | Identified the cursed +0 pair of gloves of Supernal Gnosis
                  | {Comp, Alch} (You found it on level 8 of the Dungeon)
 14955 | D:11     | Noticed a six-headed hydra
 14960 | D:11     | Noticed Fannar
 14973 | D:11     | Killed a six-headed hydra
 14984 | D:11     | Killed Fannar
 15080 | D:11     | Noticed Harold
 15095 | D:11     | Killed Harold
 15096 | D:11     | Reached skill level 5 in Stealth
 15096 | D:11     | Reached XP level 12. HP: 43/74 MP: 5/24
 15438 | D:11     | Found a staircase to the Orcish Mines.
 15445 | D:11     | Learned a level 4 spell: Summon Lightning Spire
 15522 | D:11     | Noticed Grum
 15529 | D:11     | Killed Grum
 15673 | D:11     | Noticed Maurice
 15682 | D:11     | Killed Maurice
 15840 | D:11     | Noticed a two-headed ogre
 15859 | D:11     | Killed a two-headed ogre
 15860 | D:11     | Reached skill level 1 in Air Magic
 16504 | Lair:1   | Entered Level 1 of the Lair of Beasts
 16657 | Lair:1   | Identified the cursed +1 robe "Oracular Bitterness" {rC+,
                  | Bglg, Comp} (You took it off Fannar on level 11 of the
                  | Dungeon)
 16902 | Lair:1   | Noticed an eight-headed hydra
 16912 | Lair:1   | Killed an eight-headed hydra
 16913 | Lair:1   | Reached skill level 1 in Translocations
 17155 | Lair:1   | Reached skill level 1 in Bows
 17248 | Lair:1   | Noticed a four-headed hydra
 17254 | Lair:1   | Killed a four-headed hydra
 17255 | Lair:1   | Reached skill level 5 in Poison Magic
 17555 | Lair:1   | Reached **** piety under Ashenzari
 17962 | Lair:1   | Reached skill level 5 in Evocations
 17962 | Lair:1   | Reached XP level 13. HP: 69/83 MP: 27/27
 18687 | Lair:1   | Reached skill level 5 in Conjurations
 19118 | Lair:1   | Learned a level 4 spell: Airstrike
 19769 | Lair:2   | Found a staircase to the Swamp.
 19812 | Lair:2   | Noticed an eight-headed hydra
 19823 | Lair:2   | Killed an eight-headed hydra
 20637 | Lair:3   | Identified the cursed +0 acid dragon scales "Manifest
                  | Sorrow" {rCorr, Alch, Melee} (You found it on level 10 of
                  | the Dungeon)
 20948 | Lair:3   | Learned a level 3 spell: Summon Guardian Golem
 22563 | Lair:4   | Reached XP level 14. HP: 88/88 MP: 17/28
 22777 | Lair:4   | Slain by a death yak

Illustrated notes

Levels and vault maps discovered:
D:1:      wheals_arrival_shading, layout_rooms, st_stairs_6, minmay_pentomino_p2
D:2:      cheibrodos_helix_gallery, layout_basic,
          dreamdust_ecumenical_altar_angels_and_demons, basic_altar, hex_tiny
D:3:      layout_loops_ring, amethyst_overflow_temple_binary, serial_shops,
          shop, nicolae_shop_waterfront, shop_fountains, ebering_ghost_sewer_f,
          uniq_terence, uniq_robin
D:4:      layout_basic, serial_shops, kennysheep_mini_moat,
          kennysheep_small_square
D:5:      layout_basic, minmay_temple_entry_overgrown, nrook_uturn
D:6:      layout_basic, lightli_sewer_entry_pipes, hex_intersection
D:7:      minmay_spotlight, layout_rooms, uniq_joseph
D:8:      layout_loops_ring, gammafunk_ghost_stat_death,
          minmay_chambers_of_fives, uniq_prince_ribbit1, uniq_psyche
D:9:      layout_roguey, nicolae_overflow_squiral,
          gammafunk_temple_overflow_wave, lair_entry_dummy
D:10:     layout_basic
D:11:     layout_basic, orc_0_dummy, uniq_grum, uniq_harold, uniq_fannar,
          uniq_maurice
Temple:   nicolae_temple_elliptical
Lair:1:   layout_gridlike, beast_lair_carwin_1, serial_bayou_shore_b
Lair:2:   layout_hall_layers, minmay_swamp_entry_swarm
Lair:3:   layout_regular_city, nicolae_lair_liquid_snakes,
          infiniplex_staircase_pool
Lair:4:   layout_cave_pods, minmay_snake_entry_six_corridors,
          nicolae_quartered_pool_medium, grunt_megastairs_5

Skill      XL: |  1  2  3  4  5  6  7  8  9 10 11 12 13 14 |
---------------+-------------------------------------------+-----
Fighting       | 2 3 4 5 6 7 8 |  8.2
Stealth        | 1 2 3 4 5 6 7 |  7.0
Spellcasting   | 3 4 5 6 7 8 |  8.2
Poison Magic   | 1 2 3 4 5 |  5.5
Transmutations | 3 4 5 6 7 |  7.9
Ice Magic      | 1 2 3 4 5 6 7 |  7.2
Fire Magic     | 1 2 3 4 5 6 7 |  7.1
Dodging        | 3 4 5 6 7 |  7.0
Unarmed Combat | 4 5 6 7 8 |  8.2
Evocations     | 1 2 3 4 5 |  5.7
Conjurations   | 2 4 5 |  5.7
Staves         | 1 2 |  2.5
Summonings     | 1 2 3 |  3.6
Air Magic      | 2 3 |  3.6
Translocations | 1 2 |  2.7
Bows           | 1 3 |  3.2
Short Blades   | |  0.6
Throwing       | |  0.3
Hexes          | |  0.9
Necromancy     | |  0.4
Earth Magic    | |  0.2

Action                   |  1- 3 |  4- 6 |  7- 9 | 10-12 | 13-15 || total
-------------------------+-------+-------+-------+-------+-------++-------
Melee: Short sword       |   100 |    27 |       |       |       ||   127
       Headbutt          |    13 |     4 |       |       |       ||    17
       Kick              |    23 |    15 |       |     2 |       ||    40
       Unarmed           |     2 |   122 |   213 |   284 |   111 ||   732
       Punch             |       |     2 |       |       |     2 ||     4
       Dagger            |       |    18 |     2 |       |       ||    20
       Long sword        |       |       |     7 |       |       ||     7
       Quarterstaff      |       |       |       |    12 |       ||    12
       Mace              |       |       |       |     1 |    19 ||    20
 Fire: Hunting sling     |       |       |    19 |       |       ||    19
       Shortbow          |       |       |    18 |       |       ||    18
Throw: Boomerang         |       |     6 |     4 |     1 |     6 ||    17
       Throwing net      |       |       |       |     6 |     3 ||     9
       Dart              |       |       |       |       |     6 ||     6
 Cast: Beastly Appendage |    19 |    12 |     1 |     1 |       ||    33
       Spider Form       |       |    31 |    26 |     1 |       ||    58
       Wereblood         |       |     7 |     9 |    12 |     4 ||    32
       Ignite Poison     |       |       |     1 |       |       ||     1
       Ice Form          |       |       |     8 |    48 |    17 ||    73
       Sticky Flame      |       |       |       |    13 |    19 ||    32
       Summon Small Mamm |       |       |       |     2 |       ||     2
       Summon Lightning  |       |       |       |    14 |    14 ||    28
       Teleport Other    |       |       |       |     1 |     1 ||     2
       Conjure Flame     |       |       |       |     1 |       ||     1
       Airstrike         |       |       |       |       |    27 ||    27
       Summon Guardian G |       |       |       |       |     4 ||     4
Invok: Curse Item        |       |       |     1 |     6 |     1 ||     8
       Shatter the Chain |       |       |       |     1 |     1 ||     2
 Abil: End Transformatio |       |       |       |     2 |       ||     2
Evoke: Wand              |       |       |    10 |    46 |     2 ||    58
       Tin of tremorston |       |       |       |     2 |       ||     2
       Phantom mirror    |       |       |       |       |     1 ||     1
  Use: Potion            |     2 |     6 |       |     8 |    13 ||    29
       Scroll            |     2 |       |     7 |     8 |    10 ||    27
 Stab: Sleeping          |     8 |     7 |     7 |     7 |     3 ||    32
       Invisible         |       |       |       |     4 |     3 ||     7
       Distracted        |       |       |       |     1 |     2 ||     3
       Held in net/web   |       |       |       |     1 |       ||     1
       Paralysed         |       |       |       |       |     3 ||     3
Armor: Robe              |    10 |     8 |     5 |     4 |       ||    27
       Skin              |       |     7 |    33 |   103 |    59 ||   202
       Acid dragon scale |       |       |       |       |    13 ||    13
Dodge: Dodged            |    72 |   134 |   173 |   187 |   104 ||   670
